 Dungeon Crawl Stone Soup version 0.24-a0-70-gf44d0c5 (webtiles) character file.

Game seed: 6687507260527964315

315535 Lanoc the Severer (level 20, -46/164 HPs)
             Began as a Demonspawn Gladiator on Feb 6, 2019.
             Was a Believer of Uskayaw.
             Annihilated by a golden dragon simulacrum (49 damage)
             ... summoned by a curse skull
             ... on level 2 of the Crypt.
             The game lasted 02:26:13 (47329 turns).

Lanoc the Severer (Demonspawn Gladiator)           Turns: 47329, Time: 02:26:14

Health: -46/164    AC: 34    Str: 44    XL:     20   Next: 85%
Magic:  32/32      EV: 18    Int: 12    God:    Uskayaw [**....]
Gold:   2604       SH:  0    Dex: 12    Spells: 13/19 levels left

rFire    + . .     SeeInvis +   I - +5 battleaxe "Taofapn" {chop, +Rage rC- Int+2}
rCold    . . .     Gourm    .   (shield currently unavailable)
rNeg     + + +     Faith    +   A - +1 chain mail "Zikur" {Str+7}
rPois    +         Spirit   .   M - +4 helmet "Meixty" {rN+ Str+3 Int-3 SInv}
rElec    .         Reflect  .   D - scarf {cloud immunity}
rCorr    .         Harm     .   E - +1 pair of gloves {Str+3}
MR       ++...                  (boots unavailable)
Stlth    ..........             m - amulet of faith
HPRegen  0.37/turn              K - ring of Diola {rC+ MR+ Str+5 Int+4 Stlth+}
MPRegen  0.23/turn              x - ring "Vuturov" {Wiz rPois rN+++ Str+3 Dex-4}

@: sanguine armour
A: talons 3, demonic guardian 2, fire resistance 1, spiny 3, sanguine armour 3
}: 1/15 runes: gossamer
a: Stomp, Line Pass, Renounce Religion, Evoke Berserk Rage


You were on level 2 of the Crypt.
You worshipped Uskayaw.
Uskayaw was most pleased with you.
You were not hungry.

You visited 9 branches of the dungeon, and saw 36 of its levels.
You visited the Abyss 1 time.
You also visited: Gauntlet.

You collected 3695 gold pieces.
You spent 1091 gold pieces at shops.

Inventory:

Hand Weapons
 B - the +2 Maxwell's thermic engine {flame, freeze}
   (You found it on level 7 of the Dungeon)

   It has been specially enchanted to burn those struck by it, causing extra
   injury to most foes and up to half again as much damage against particularly
   susceptible opponents.
   Big, fiery blades are also staple armaments of hydra-hunters.
 I - the +5 battleaxe "Taofapn" (weapon) {chop, +Rage rC- Int+2}
   (You found it on level 7 of the Dungeon)

   It inflicts extra damage upon your enemies.
   It affects your intelligence (+2).
   It makes you vulnerable to cold.
   It lets you go berserk.
Missiles
 d - 7 throwing nets (quivered)
Armour
 A - the +1 chain mail "Zikur" (worn) {Str+7}
   (You took it off an orc on level 5 of the Dungeon)

   It affects your strength (+7).
 D - a scarf of cloud immunity (worn)
 E - a +1 pair of gloves of strength (worn)
 L - a scarf of resistance
 M - the +4 helmet "Meixty" (worn) {rN+ Str+3 Int-3 SInv}
   (You found it on level 6 of the Lair of Beasts)

   It affects your strength (+3).
   It affects your intelligence (-3).
   It protects you from negative energy.
   It lets you see invisible.
 Q - the +3 warlock's mirror {reflect}
   (You found it on level 10 of the Dungeon)
Jewellery
 a - the ring "Toshal" {Fire MP+9 Str+4 Dex-5 Slay+3}
   (You found it on level 11 of the Dungeon)

   [ring of fire]

   It enhances your fire magic.
   It affects your strength (+4).
   It affects your dexterity (-5).
   It affects your accuracy and damage with ranged weapons and melee attacks
   (+3).
   It protects you from fire.
   It makes you vulnerable to cold.
   It affects your magic capacity (+9).
 m - an amulet of faith (around neck)
 x - the ring "Vuturov" (right hand) {Wiz rPois rN+++ Str+3 Dex-4}
   (You found it on level 1 of the Vaults)

   [ring of wizardry]

   It improves your spell success rate.
   It affects your strength (+3).
   It affects your dexterity (-4).
   It protects you from poison.
   It renders you almost immune to negative energy.
 G - the ring of Disaster {rElec rPois MR- MP+9 AC+3}
   (You found it on level 7 of the Dungeon)

   [ring of protection]

   It affects your AC (+3).
   It insulates you from electricity.
   It protects you from poison.
   It affects your resistance to hostile enchantments.
   It affects your magic capacity (+9).
 K - the ring of Diola (left hand) {rC+ MR+ Str+5 Int+4 Stlth+}
   (You found it on level 7 of the Dungeon)

   [ring of strength]

   It affects your strength (+5).
   It affects your intelligence (+4).
   It protects you from cold.
   It affects your resistance to hostile enchantments.
   It makes you more stealthy.
 V - an uncursed ring of resist corrosion
 W - the amulet of the Air {Inacc +Fly rElec EV+5 RMsl}
   (You found it on level 3 of the Spider Nest)

   [amulet of inaccuracy]

   It reduces the accuracy of all your attacks.
   It affects your evasion (+5).
   It insulates you from electricity.
   It lets you fly.
   It protects you from missiles.
Wands
 c - a wand of flame (31)
 h - a wand of digging (16)
 v - a wand of iceblast (20)
 J - a wand of polymorph (13)
 O - a wand of acid (5)
Scrolls
 b - 3 scrolls of silence
 e - a scroll of magic mapping
 g - 7 scrolls of immolation
 i - 11 scrolls of remove curse
 j - 7 scrolls of enchant weapon
 r - 2 scrolls of summoning
 u - 4 scrolls of fear
 w - 10 scrolls of fog
 z - a scroll of brand weapon
 C - 14 scrolls of identify
 H - 3 scrolls of blinking
 P - 12 scrolls of enchant armour
 R - 15 scrolls of teleportation
Potions
 k - 7 potions of mutation
 l - 3 potions of might
 n - 2 potions of magic
 o - 2 potions of haste
 p - 20 potions of curing
 q - 11 potions of brilliance
 t - 3 potions of ambrosia
 F - a potion of lignification
 N - 7 potions of flight
 S - 5 potions of cancellation
 T - a potion of berserk rage
 U - a potion of resistance
 Y - 2 potions of invisibility
 Z - 6 potions of agility
Miscellaneous
 y - a phial of floods
Comestibles
 f - 78 rations
 s - 3 chunks of flesh


   Skills:
 + Level 15.7 Fighting
 * Level 19.8 Axes
 - Level 1.7 Throwing
 + Level 14.6 Armour
 + Level 14.8 Dodging
 * Level 5.5 Necromancy
 + Level 17.6 Invocations


You had 13 spell levels left.
You knew the following spells:

 Your Spells              Type           Power        Failure   Level  Hunger
a - Simulacrum            Ice/Necr       #.........   100%        6    #######

Your spell library contained the following spells:

 Spells                   Type           Power        Failure   Level  Hunger
 Beastly Appendage        Tmut           #.....       28%         1    ##.....
 Corona                   Hex            #......      28%         1    ##.....
 Freeze                   Ice            #...         28%         1    ##.....
 Magic Dart               Conj           #...         28%         1    ##.....
 Blink                    Tloc           N/A          41%         2    ###....
 Poisonous Vapours        Pois/Air       #.....       41%         2    ###....
 Searing Ray              Conj           #.....       41%         2    ###....
 Shroud of Golubria       Chrm/Tloc      #.........   41%         2    ###....
 Slow                     Hex            #.......     41%         2    ###....
 Sticks to Snakes         Tmut           #.......     41%         2    ###....
 Throw Frost              Conj/Ice       #.....       41%         2    ###....
 Conjure Flame            Conj/Fire      #.......     63%         3    ####...
 Dazzling Spray           Conj/Hex       #.....       63%         3    ####...
 Gell's Gravitas          Tloc           #.........   63%         3    ####...
 Inner Flame              Hex/Fire       #.......     63%         3    ####...
 Lesser Beckoning         Tloc           #.........   63%         3    ####...
 Mephitic Cloud           Conj/Pois/Air  #.......     63%         3    ####...
 Ozocubu's Armour         Chrm/Ice       #.......     63%         3    ####...
 Portal Projectile        Hex/Tloc       #.....       63%         3    ####...
 Spider Form              Tmut/Pois      #.........   63%         3    ####...
 Teleport Other           Tloc           #.......     63%         3    ####...
 Cause Fear               Hex            #.........   95%         4    #####..
 Force Lance              Conj/Tloc      #.......     95%         4    #####..
 Fulminant Prism          Conj/Hex       #.........   95%         4    #####..
 Ice Form                 Ice/Tmut       #.......     95%         4    #####..
 Iskenderun's Mystic Bla  Conj           #.......     95%         4    #####..
 Leda's Liquefaction      Hex/Erth       #.........   95%         4    #####..
 Passage of Golubria      Tloc           N/A          95%         4    #####..
 Summon Ice Beast         Ice/Summ       #.......     95%         4    #####..
 Throw Icicle             Conj/Ice       #.......     95%         4    #####..
 Blade Hands              Tmut           #.........   100%        5    ######.
 Bolt of Magma            Conj/Fire/Erth #.........   100%        5    ######.
 Irradiate                Conj/Tmut      #.........   100%        5    ######.
 Iskenderun's Battlesphe  Conj/Chrm      #.......     100%        5    ######.
 Metabolic Englaciation   Hex/Ice        #.........   100%        5    ######.
 Venom Bolt               Conj/Pois      #.........   100%        5    ######.
 Bolt of Cold             Conj/Ice       #.........   100%        6    #######
 Freezing Cloud           Conj/Ice/Air   #.........   100%        6    #######
 Hydra Form               Tmut           #.........   100%        6    #######
 Iron Shot                Conj/Erth      #.........   100%        6    #######
 Ozocubu's Refrigeration  Ice            #.........   100%        6    #######
 Statue Form              Tmut/Erth      #........    100%        6    #######
 Dragon Form              Tmut           #.........   100%        7    #######
 Orb of Destruction       Conj           #.........   100%        7    #######
 Ring of Flames           Chrm/Fire      #.........   100%        7    #######
 Spellforged Servitor     Conj/Summ      #.........   100%        7    #######
 Shatter                  Erth           #.........   100%        9    #######


Dungeon Overview and Level Annotations

Branches:
Dungeon (15/15)            Temple (1/1) D:7            Lair (6/6) D:10
 Shoals (1/4) Lair:3       Spider (4/4) Lair:4        Slime (0/5) Lair:5
    Orc (2/2) D:9             Elf (0/3) Orc:2        Vaults (4/5) D:13
  Crypt (2/3) Vaults:3     Depths (1/5) D:15

Altars:
Ashenzari
Cheibriados
Dithmenos
Elyvilon
Fedhas
Gozag
Hepliaklqana
Kikubaaqudgha
Makhleb
Nemelex Xobeh
Okawaru
Qazlal
Ru
Sif Muna
Trog
Uskayaw
Vehumet
Wu Jian
Xom
Yredelemnul
Zin
The Shining One

Shops:
D:5 %   D:7 %   D:9 (:?=[   Orc:2 }?*%*   Vaults:2 %}%   Vaults:3 *

Portals:
Hell: Depths:1
Ziggurat: Depths:1
Trove: Vaults:4 (give 6 scrolls of blinking)

Annotations:
Vaults:4 trove 6 blink scrolls


Innate Abilities, Weirdness & Mutations

You have claws for feet.
A demonic guardian rushes to your aid.
Your flesh is heat resistant. (rF+)
You are completely covered in sharp spines.
When seriously injured, your bleeding wounds create very thick armour. (AC +12)


Message History

You slice the phantasmal warrior!!
You destroy the phantasmal warrior!
You slash the jiangshi! You slash the jiangshi! You claw the jiangshi.
You destroy the jiangshi!
The jiangshi claws you but does no damage.
The jiangshi completely misses you.
The shadow slips into darkness.
The shadow flickers and vanishes for a moment.
You hit the jiangshi. You claw the jiangshi!
The jiangshi is moderately damaged.
You slash the golden dragon simulacrum! The jiangshi claws you!
* * * LOW HITPOINT WARNING * * *
The jiangshi claws you!
* * * LOW HITPOINT WARNING * * *
The vampire mage casts a spell.
The golden dragon simulacrum bites you.
* * * LOW HITPOINT WARNING * * *
The golden dragon simulacrum freezes you!!!
You die...

#....... ..# #.$....#
#.# #......# #.#
#...W.W# #.# #..z...'
#.# #..ZWVW# #.#
#....WZ# #.# #####
#..W.nV####.# ##.8.##
#.....Z@....# #[....#
#.....z.3...#
#8.<.8#........4..".#
#.....##########....#
##...## #....# ###'###
#.(..# ##.....###
#....#
........)########....#
..#####)...##........#


You could see a jiangshi, a flayed ghost, a vampire mage (invisible), a curse
skull, a freezing wraith, a spectral emperor scorpion, a hungry ghost, a wraith,
a necrophage, 2 shadows, a flying skull, a golden dragon simulacrum, a frost
giant skeleton, a friendly ice devil and a friendly sixfirhy.

Vanquished Creatures
  Frederick (Vaults:3)
  Saint Roka (Orc:2)
  Margery (Crypt:1)
  Arachne (Spider:4)
  A tentacled monstrosity (Vaults:1)
  Asterion (Spider:3)
  2 ancient champions
  A sphinx (Vaults:1)
  3 tentacled starspawn (Abyss:3)
  A tengu reaver (Depths:1)
  Agnes (Spider:1)
  2 deep elf sorcerers
  2 revenants
  2 frost giants
  5 ghost moths
  An orc warlord (Orc:1)
  7 emperor scorpions
  6 vault wardens
  7 ironheart preservers
  2 curse skulls (Crypt:1)
  5 ghouls (Crypt:1)
  The ghost of Enish the Spry, a journeyman MfTm of Okawaru (Spider:3)
  A reaper (Crypt:2)
  6 stone giants
  An entropy weaver (Spider:3)
  2 caustic shrike skeletons
  3 vampire knights (Crypt:1)
  A deep elf demonologist (Vaults:4)
  3 very ugly things (Depths:1)
  A deep elf annihilator (Vaults:1)
  A minotaur (Gauntlet)
  3 spark wasps
  4 eidola
  3 ettins
  2 deep elf death magi
  A green death (Gauntlet)
  A fire dragon (Depths:1)
  4 great orbs of eyes
  6 jiangshi
  11 yaktaur captains
  A rakshasa (Vaults:2)
  7 vault guards (Vaults:4)
  Harold (D:8)
  Erolcha (Orc:2)
  6 hydras
  11 ogre magi
  Erica (D:9)
  3 ice dragons
  10 centaur warriors
  2 catoblepae
  33 two-headed ogres
  5 death knights
  An anaconda (Lair:6)
  A dancing weapon (Vaults:3)
  3 deep troll shamans (Depths:1)
  A death yak (Lair:6)
  2 tengu warriors
  3 orc high priests (Orc:2)
  6 vampire magi
  Sonja (D:10)
  A sun demon (Abyss:3)
  A deep troll earth mage (Depths:1)
  A titan zombie (Vaults:3)
  2 storm dragon zombies (Crypt:1)
  A soul eater (Crypt:1)
  6 deep elf knights
  A fire crab (Gauntlet)
  2 wretched stars (Abyss:3)
  A titan skeleton (Vaults:4)
  A sixfirhy (Abyss:3)
  4 shadow wraiths
  7 deep trolls (Depths:1)
  7 hell knights
  3 skeletal warriors (Crypt:1)
  9 wizards
  2 flayed ghosts
  3 unseen horrors
  11 deep elf archers
  10 ironbrand convokers
  2 glowing orange brains
  5 phantasmal warriors
  19 deep elf magi
  14 orb spiders
  A tengu skeleton (Vaults:3)
  The ghost of aspa the Thaumaturge, a novice OpWz of Sif Muna (D:7)
  A harpy (Vaults:3)
  A fire giant zombie (Vaults:4)
  11 necromancers
  14 orc knights
  29 wolf spiders
  35 ugly things
  A manticore (D:14)
  A sphinx skeleton (Vaults:3)
  A stone giant zombie (Crypt:2)
  6 orc sorcerers
  6 cyclopes
  2 moths of wrath
  17 elephants
  A human skeleton (Vaults:3)
  A fire giant skeleton (Vaults:3)
  7 black mambas
  12 vault sentinels
  An ice statue (Gauntlet)
  An apocalypse crab (Abyss:3)
  Joseph (D:8)
  An elephant slug zombie (Crypt:2)
  A torpor snail (shapeshifter) (D:15)
  5 torpor snails
  A guardian serpent (Lair:6)
  An orange demon (Gauntlet)
  A gargoyle (D:15)
  A rime drake (Gauntlet)
  12 spiny frogs
  42 yaktaurs
  16 demonic crawlers
  4 freezing wraiths
  An efreet (D:14)
  8 komodo dragons
  A pale draconian skeleton (Crypt:1)
  A tengu conjurer (D:14)
  7 meliai
  12 trolls
  A polar bear (shapeshifter) (Vaults:2)
  29 jumping spiders
  A queen bee (D:11)
  7 hornets
  9 hippogriffs
  An alligator zombie (Crypt:2)
  4 human simulacra
  8 slime creatures
  9 dream sheep
  8 blink frogs
  3 ettin zombies
  A fire dragon zombie (Crypt:1)
  4 shadows
  A bog body (Crypt:1)
  59 redbacks
  A black mamba zombie (Crypt:1)
  5 flying skulls (Crypt:1)
  A satyr skeleton (Crypt:1)
  7 wraiths
  3 vampires (Vaults:3)
  A ynoxinul (Abyss:3)
  A dire elephant simulacrum (Crypt:1)
  26 tarantellas
  14 wyverns
  3 hogs (D:12)
  27 yaks
  A human (D:12)
  3 basilisks
  2 fire bats (Gauntlet)
  3 hungry ghosts
  4 vampire mosquitoes
  2 acid dragons
  9 wargs
  3 large abominations (Abyss:3)
  7 porcupines
  17 water moccasins
  3 black bears
  A deep troll skeleton (Crypt:1)
  3 ice beasts
  49 orc warriors
  4 sky beasts
  An ettin simulacrum (Depths:1)
  An eye of draining (D:9)
  An ice dragon simulacrum (Depths:1)
  4 necrophages
  3 phantoms
  A black bear (shapeshifter) (Vaults:4)
  An eye of draining (shapeshifter) (Vaults:1)
  A human zombie (Vaults:3)
  10 wolves
  4 boggarts (D:14)
  40 ogres
  6 centaurs
  10 crocodiles
  An elf zombie (Crypt:1)
  8 big kobolds
  5 gnoll sergeants
  A small abomination (Abyss:3)
  15 bullfrogs
  4 scorpions
  A water moccasin skeleton (Crypt:2)
  A queen bee zombie (Crypt:1)
  37 killer bees
  11 wights
  2 electric eels
  3 howler monkeys (D:8)
  6 crimson imps
  5 jellies
  A bullfrog zombie (D:7)
  3 centaur zombies
  A gnoll shaman (D:6)
  7 hounds
  15 orc priests
  7 centaur skeletons
  32 orc wizards
  4 bullfrog skeletons
  Terence (D:3)
  3 iguanas
  14 worker ants
  A deep dwarf skeleton (Crypt:1)
  4 hound skeletons
  15 adders
  A howler monkey skeleton (Crypt:1)
  9 gnolls
  5 shadow imps
  3 oozes
  An adder zombie (D:5)
  An adder skeleton (D:6)
  A lava snake skeleton (Crypt:2)
  3 worms
  2 dart slugs
  3 leopard geckos
  114 orcs
  5 giant cockroaches
  7 goblins
  3 hobgoblins
  24 jackals
  A quokka (D:2)
  A ball python (D:4)
  10 bats
  7 frilled lizards
  2 gnoll zombies (D:5)
  A hobgoblin skeleton (Crypt:1)
  43 kobolds
  A leopard gecko zombie (D:7)
  A quokka zombie (D:7)
  7 rats
  A rat skeleton (Crypt:2)
  A rat zombie (Crypt:1)
  2 fungi
  4 plants
  2 starspawn tentacles (Abyss:3)
1488 creatures vanquished.

Vanquished Creatures (collateral kills)
  2 vault wardens
  An ironheart preserver (Vaults:4)
  A deep elf demonologist (Vaults:4)
  A yaktaur captain (Vaults:3)
  An ogre mage (Vaults:3)
  A fire dragon (Vaults:4)
  2 vault guards (Vaults:4)
  3 two-headed ogres
  A titan zombie (Crypt:1)
  A vampire mage (Crypt:2)
  A glowing orange brain (Vaults:4)
  3 wizards
  A deep elf archer (Vaults:1)
  3 deep elf magi
  3 ugly things
  An orb spider (Spider:1)
  A spiny frog (Lair:5)
  5 yaktaurs
  A hydra zombie (Crypt:1)
  2 blink frogs
  A hornet (Vaults:2)
  A dream sheep (Lair:4)
  A slime creature (D:12)
  A redback (Spider:3)
  A wraith (Crypt:2)
  A hog (D:12)
  A hungry ghost (D:8)
  An orc warrior (Orc:1)
  An ice beast (D:6)
  2 ogres
  A necrophage (Crypt:1)
  2 wolves (Lair:4)
  A wyvern zombie (D:7)
  A water moccasin skeleton (D:5)
  A killer bee (D:12)
  3 wights
  An orc priest (Orc:2)
  2 centaur zombies
  2 orc wizards
  An iguana (D:4)
  A worker ant (D:4)
  A leopard gecko (D:6)
  10 orcs
  2 bats (D:3)
  3 jackals (D:4)
  A frilled lizard (D:4)
79 creatures vanquished.

Vanquished Creatures (others)
  An unseen horror (Vaults:1)
  A yaktaur (Vaults:1)
  2 orc priests (Orc:2)
  An orc wizard (Orc:2)
  2 orcs
  9 fungi
  25 plants
  A withered plant (Gauntlet)
42 creatures vanquished.

Grand Total: 1609 creatures vanquished

Notes
Turn   | Place    | Note
-------+----------+-------------------------------------------
     0 | D:1      | Lanoc the Demonspawn Gladiator began the quest for the Orb.
     0 | D:1      | Reached XP level 1. HP: 16/16 MP: 1/1
   123 | D:1      | Gained mutation: When seriously injured, your bleeding
                  | wounds create armour. (AC +12) [demonic ancestry]
   123 | D:1      | Reached XP level 2. HP: 13/22 MP: 2/2
   309 | D:1      | Reached skill level 1 in Armour
   503 | D:1      | Gained mutation: You have sharp toenails. [demonic
                  | ancestry]
   503 | D:1      | Reached XP level 3. HP: 27/28 MP: 3/3
  1144 | D:2      | Reached skill level 3 in Axes
  1506 | D:3      | Gained mutation: You have razor-sharp toenails. [demonic
                  | ancestry]
  1506 | D:3      | Reached XP level 4. HP: 33/34 MP: 4/4
  1621 | D:3      | Gained mutation: A weak demonic guardian rushes to your
                  | aid. [demonic ancestry]
  1621 | D:3      | Reached XP level 5. HP: 26/41 MP: 5/5
  1978 | D:3      | Noticed Terence
  1997 | D:3      | Killed Terence
  1999 | D:3      | Reached skill level 4 in Axes
  2337 | D:3      | Reached XP level 6. HP: 47/47 MP: 6/6
  3021 | D:4      | Found an opulent altar of Gozag.
  3277 | D:4      | Found a blossoming altar of Fedhas.
  3278 | D:4      | Found a shattered altar of Ashenzari.
  3306 | D:5      | Entered Level 5 of the Dungeon
  3309 | D:5      | Found Soympaw's Food Shoppe.
  3444 | D:5      | Reached XP level 7. HP: 53/53 MP: 7/7
  3592 | D:5      | Identified the cursed +1 chain mail "Zikur" {Str+7}
  3613 | D:5      | Reached skill level 5 in Axes
  3903 | D:5      | Found a stormy altar of Qazlal.
  3937 | D:5      | Found a basalt altar of Yredelemnul.
  4073 | D:6      | Reached XP level 8. HP: 53/61 MP: 8/8
  4107 | D:6      | Found an iron altar of Okawaru.
  4121 | D:6      | Reached skill level 6 in Axes
  4157 | D:6      | Reached skill level 5 in Fighting
  4157 | D:6      | Reached skill level 5 in Dodging
  4801 | D:6      | Found an iron altar of Okawaru.
  4853 | D:6      | Reached skill level 7 in Axes
  5172 | D:7      | Found Wimuecrirea's Food Boutique.
  5193 | D:7      | Found a hazy altar of Hepliaklqana.
  5270 | D:7      | Found an ornate altar of the Wu Jian Council.
  5286 | D:7      | Gained mutation: You are partially covered in sharp spines.
                  | [demonic ancestry]
  5286 | D:7      | Reached XP level 9. HP: 63/69 MP: 9/9
  5304 | D:7      | Found a staircase to the Ecumenical Temple.
  5337 | Temple   | Entered the Ecumenical Temple
  5566 | D:7      | Noticed a moth of wrath
  5567 | D:7      | Got a shimmering battleaxe
  5568 | D:7      | Identified the +5 battleaxe "Taofapn" {chop, +Rage rC-
                  | Int+2} (You found it on level 7 of the Dungeon)
  5570 | D:7      | Noticed aspa's ghost (novice OpWz)
  5573 | D:7      | Identified the cursed +9 giant club "Tebubb" {venom, +Rage
                  | Int+3}
  5675 | D:7      | Found a transporter.
  5675 | D:7      | Found a bloodstained altar of Trog.
  5675 | D:7      | Noticed a two-headed ogre
  5682 | D:7      | Found a transporter.
  5706 | D:7      | Killed aspa's ghost
  5706 | D:7      | Reached skill level 8 in Axes
  5706 | D:7      | Reached skill level 5 in Armour
  5746 | D:7      | Killed a moth of wrath
  5753 | D:7      | Killed a two-headed ogre
  5753 | D:7      | Gained mutation: You are mostly covered in sharp spines.
                  | [demonic ancestry]
  5753 | D:7      | Reached XP level 10. HP: 35/77 MP: 10/10
  5913 | D:7      | Noticed a purple ugly thing
  5925 | D:7      | Killed a purple ugly thing
  5925 | D:7      | Reached skill level 9 in Axes
  5933 | D:7      | Got a clouded steel ring
  5942 | D:7      | Got a steaming tin ring
  5951 | D:7      | Got bloodstained quicksilver dragon scales
  5960 | D:7      | Found the +2 Maxwell's thermic engine {flame, freeze}
  6004 | D:7      | Identified the ring of Disaster {rElec rPois MR- MP+9 AC+3}
                  | (You found it on level 7 of the Dungeon)
  6006 | D:7      | Identified the ring of Diola {rC+ MR+ Str+5 Int+4 Stlth+}
                  | (You found it on level 7 of the Dungeon)
  6019 | D:7      | Identified the quicksilver dragon scales of the Beginning
                  | {*Slow +Inv MR+ Str+4} (You found it on level 7 of the
                  | Dungeon)
  6372 | D:8      | Noticed Harold
  6373 | D:8      | Noticed a two-headed ogre
  6381 | D:8      | Killed a two-headed ogre
  6382 | D:8      | Killed Harold
  6386 | D:8      | Noticed Joseph
  6626 | D:8      | Killed Joseph
  6626 | D:8      | Reached skill level 10 in Axes
  6905 | D:8      | Gained mutation: You have claws for feet. [demonic
                  | ancestry]
  6905 | D:8      | Reached XP level 11. HP: 85/86 MP: 11/11
  6933 | D:8      | Found a burning altar of Makhleb.
  7197 | D:9      | Found Kumen's Armour Boutique.
  7197 | D:9      | Found Epsios's Jewellery Shop.
  7460 | D:9      | Found Lidd's Magic Scroll Boutique.
  7478 | D:9      | Bought a scroll of identify for 34 gold pieces
  7478 | D:9      | Bought a scroll of identify for 34 gold pieces
  7478 | D:9      | Bought a scroll of fear for 59 gold pieces
  7478 | D:9      | Bought a scroll of enchant armour for 127 gold pieces
  7490 | D:9      | Found a sparkling altar of Nemelex Xobeh.
  7543 | D:9      | Found Ushong's Book Emporium.
  7569 | D:9      | Found Aheuve's Weapon Emporium.
  7620 | D:9      | Found a radiant altar of Vehumet.
  7620 | D:9      | Found a shadowy altar of Dithmenos.
  7625 | D:9      | Found a faded altar of an unknown god.
  7627 | D:9      | Found a faded altar of an unknown god.
  7629 | D:9      | Found a hide-covered altar of Uskayaw.
  7643 | D:9      | Became a worshipper of Uskayaw the Reveler
  7707 | D:9      | Reached * piety under Uskayaw
  7838 | D:9      | Found a staircase to the Orcish Mines.
  7840 | D:9      | Reached ** piety under Uskayaw
  7845 | D:9      | Reached *** piety under Uskayaw
  7846 | D:9      | Reached **** piety under Uskayaw
  7847 | D:9      | Reached skill level 1 in Invocations
  7847 | D:9      | Reached ***** piety under Uskayaw
  7884 | D:10     | Entered Level 10 of the Dungeon
  7884 | D:10     | Found a glowing silver altar of Zin.
  8178 | D:10     | Noticed a wizard
  8184 | D:10     | Killed a wizard
  8186 | D:10     | Noticed a wizard
  8188 | D:10     | Paralysed by a wizard for 4 turns
  8195 | D:10     | Killed a wizard
  8343 | D:10     | Noticed a wizard
  8349 | D:10     | Killed a wizard
  8367 | D:10     | Killed an unseen horror
  8428 | D:10     | Noticed Sonja
  8604 | D:10     | Killed Sonja
  8604 | D:10     | Noticed a two-headed ogre
  8612 | D:10     | Killed a two-headed ogre
  8612 | D:10     | Reached skill level 11 in Axes
  8700 | D:10     | Killed an unseen horror
  8835 | D:10     | Found a staircase to the Lair.
  8990 | D:10     | Noticed a wizard
  8997 | D:10     | Killed a wizard
  9022 | D:10     | Noticed a wizard
  9023 | D:10     | Found the +3 warlock's mirror {reflect}
  9028 | D:10     | Killed a wizard
  9054 | D:10     | Noticed a wizard
  9060 | D:10     | Killed a wizard
  9249 | D:10     | Noticed a wizard
  9251 | D:10     | Noticed a wizard
  9257 | D:10     | Killed a wizard
  9258 | D:10     | Killed a wizard
  9258 | D:10     | Gained mutation: You are completely covered in sharp
                  | spines. [demonic ancestry]
  9258 | D:10     | Reached XP level 12. HP: 79/95 MP: 15/15
  9525 | D:11     | Reached skill level 5 in Invocations
  9579 | D:11     | Noticed an ettin
  9580 | D:11     | Found a transporter.
  9580 | D:11     | Noticed a catoblepas
  9668 | D:11     | Reached ****** piety under Uskayaw
 10078 | D:11     | Found a transporter.
 10088 | D:11     | Reached skill level 12 in Axes
 10976 | D:13     | Noticed a centaur warrior
 10984 | D:13     | Killed a centaur warrior
 11799 | D:13     | Reached XP level 13. HP: 103/103 MP: 18/18
 11905 | D:13     | Reached skill level 10 in Fighting
 12124 | D:13     | Found a gate to the Vaults.
 12124 | D:13     | Noticed an ironheart preserver
 12136 | D:13     | Killed an ironheart preserver
 13055 | D:14     | Reached skill level 13 in Axes
 13499 | D:14     | Reached skill level 10 in Dodging
 13635 | D:14     | Identified a scroll of acquirement
 13637 | D:14     | Got a translucent ring mail
 13648 | D:14     | Identified the +1 ring mail of the Armadillo {+Fly Int+4
                  | Dex-2} (You acquired it on level 14 of the Dungeon)
 13840 | D:15     | Entered Level 15 of the Dungeon
 13857 | D:15     | Found a gate leading to a gauntlet.
 13866 | Gauntlet | Entered a Gauntlet
 13866 | Gauntlet | Found a transporter.
 13866 | Gauntlet | Found a transporter.
 13876 | Gauntlet | Found a transporter.
 13879 | Gauntlet | Found a transporter.
 13885 | Gauntlet | Found a runed translucent gate.
 13885 | Gauntlet | Found a runed translucent gate.
 13885 | Gauntlet | Found a runed translucent gate.
 13887 | Gauntlet | Found a transporter.
 13890 | Gauntlet | Found a transporter.
 13898 | Gauntlet | Found a transporter.
 13907 | Gauntlet | Noticed a green death
 13916 | Gauntlet | Found a transporter.
 13933 | Gauntlet | Found a transporter.
 13936 | Gauntlet | Found a transporter.
 13946 | Gauntlet | Found a transporter.
 13949 | Gauntlet | Found a transporter.
 14222 | Gauntlet | Killed a green death
 14322 | Gauntlet | Identified the +7 trident of Lanoc's Instant Death {venom,
                  | -Tele *Contam MR+ Dex+10}
 14322 | Gauntlet | Noticed a minotaur
 14338 | Gauntlet | Killed a minotaur
 14625 | D:15     | Reached XP level 14. HP: 89/111 MP: 21/21
 15144 | D:15     | Reached skill level 10 in Armour
 15285 | D:15     | Found a staircase to the Depths.
 15646 | Orc:1    | Entered Level 1 of the Orcish Mines
 15657 | Orc:1    | Noticed Erica
 15667 | Orc:1    | Paralysed by an orc sorcerer for 2 turns
 15676 | D:9      | Killed Erica
 16049 | Orc:1    | Reached skill level 10 in Invocations
 16452 | Orc:1    | Reached skill level 14 in Axes
 16744 | Orc:2    | Entered Level 2 of the Orcish Mines
 17106 | Orc:2    | Found a staircase to the Elven Halls.
 17328 | Orc:2    | Found Yfyaffen's Assorted Antiques.
 17337 | Orc:2    | Bought a scroll of teleportation for 99 gold pieces
 17434 | Orc:2    | Noticed Saint Roka
 17436 | Orc:2    | Noticed an orc warlord
 18067 | Orc:1    | Killed an orc warlord
 18354 | Orc:2    | Paralysed by an orc sorcerer for 7 turns
 18995 | Orc:2    | Noticed Erolcha
 19001 | Orc:2    | Killed Erolcha
 19112 | Orc:2    | Killed Saint Roka
 19452 | Orc:2    | Found Worrom's Gadget Shop.
 19452 | Orc:2    | Found Joloz's Magic Scroll Shoppe.
 19862 | Orc:2    | Found Ifecs's Food Shop.
 19862 | Orc:2    | Found Siomudd's General Store.
 20034 | Orc:2    | Bought a scroll of identify for 66 gold pieces
 20034 | Orc:2    | Bought 3 scrolls of identify for 198 gold pieces
 20102 | Orc:2    | Bought a scroll of teleportation for 42 gold pieces
 20102 | Orc:2    | Bought a scroll of identify for 28 gold pieces
 20102 | Orc:2    | Bought a scroll of identify for 28 gold pieces
 20102 | Orc:2    | Bought a scroll of fog for 28 gold pieces
 20102 | Orc:2    | Bought a scroll of amnesia for 49 gold pieces
 20102 | Orc:2    | Bought a scroll of silence for 105 gold pieces
 20102 | Orc:2    | Bought 3 scrolls of identify for 84 gold pieces
 20206 | Lair:1   | Entered Level 1 of the Lair of Beasts
 21363 | Lair:2   | Gained mutation: When seriously injured, your bleeding
                  | wounds create thick armour. (AC +12) [demonic ancestry]
 21363 | Lair:2   | Reached XP level 15. HP: 119/119 MP: 23/23
 23004 | Lair:3   | Found a staircase to the Shoals.
 23490 | Lair:4   | Found a hole to the Spider Nest.
 23821 | Lair:4   | Got an encrusted leather armour
 23832 | Lair:4   | Identified the cursed +0 leather armour "Wywkaujo" {Dex+3}
                  | (You found it on level 4 of the Lair of Beasts)
 23996 | Lair:5   | Got a shimmering helmet
 24007 | Lair:5   | Identified the cursed -3 helmet of Gestures {rC++ Regen+}
                  | (You found it on level 5 of the Lair of Beasts)
 24083 | Lair:5   | Found a staircase to the Slime Pits.
 24409 | Lair:5   | Reached skill level 15 in Axes
 24860 | Lair:6   | Entered Level 6 of the Lair of Beasts
 25020 | Lair:6   | Found a bloodstained altar of Trog.
 26078 | Lair:6   | Got a crude helmet
 26089 | Lair:6   | Identified the +4 helmet "Meixty" {rN+ Str+3 Int-3 SInv}
                  | (You found it on level 6 of the Lair of Beasts)
 26250 | Lair:6   | Upgraded the game from 0.24-a0-67-ga78bd38 to
                  | 0.24-a0-70-gf44d0c5
 26359 | Spider:1 | Entered Level 1 of the Spider Nest
 27022 | Spider:1 | Noticed Agnes
 27039 | Spider:1 | Killed Agnes
 27431 | Spider:1 | You fall through a shaft!
 27435 | Spider:2 | Reached XP level 16. HP: 129/129 MP: 25/25
 28366 | Spider:2 | You fall through a shaft!
 29105 | Spider:3 | Reached skill level 16 in Axes
 29940 | Spider:3 | Noticed Asterion
 30213 | Depths:1 | Entered Level 1 of the Depths
 31214 | Depths:1 | Found a gateway to Hell.
 31225 | Depths:1 | Found a gateway to a ziggurat.
 31835 | Depths:1 | Reached XP level 17. HP: 78/137 MP: 27/27
 32268 | D:11     | Got a smoking bone ring
 32285 | D:11     | Got an ichor-stained hunting sling
 32286 | D:11     | Identified the +6 hunting sling of Mourning {venom, rF+
                  | Stlth+} (You found it on level 11 of the Dungeon)
 32290 | D:11     | Identified the ring "Toshal" {Fire MP+9 Str+4 Dex-5 Slay+3}
                  | (You found it on level 11 of the Dungeon)
 32445 | Shoals:1 | Entered Level 1 of the Shoals
 32681 | Spider:3 | Killed Asterion
 32760 | Spider:3 | Found a runed translucent door.
 32761 | Spider:3 | Noticed Enish's ghost (journeyman MfTm)
 32763 | Spider:3 | Found the amulet of the Air {Inacc +Fly rElec EV+5 RMsl}
 32784 | Spider:3 | Killed Enish's ghost
 33212 | Spider:4 | Entered Level 4 of the Spider Nest
 33888 | Spider:4 | Reached skill level 17 in Axes
 34373 | Spider:4 | Noticed Arachne
 34382 | Spider:4 | Killed Arachne
 34980 | Spider:4 | Got a gossamer rune of Zot
 35679 | Vaults:1 | Entered Level 1 of the Vaults
 36190 | Vaults:1 | Got a smoking amber ring
 36192 | Vaults:1 | Identified the ring "Vuturov" {Wiz rPois rN+++ Str+3 Dex-4}
                  | (You found it on level 1 of the Vaults)
 36298 | Vaults:1 | Gained mutation: A demonic guardian rushes to your aid.
                  | [demonic ancestry]
 36298 | Vaults:1 | Reached XP level 18. HP: 131/145 MP: 29/29
 36325 | Vaults:1 | Noticed a tentacled monstrosity
 36336 | Vaults:1 | Killed a tentacled monstrosity
 36336 | Vaults:1 | Reached skill level 15 in Invocations
 36783 | Vaults:1 | Cast into level 3 of the Abyss (a wizard)
 36817 | Abyss:3  | Got a faintly glowing hat
 36828 | Abyss:3  | Identified the +4 hat of the Ladybird {rN+ Regen+ Slay+3}
                  | (You acquired it on level 3 of the Abyss)
 36967 | Vaults:1 | Escaped the Abyss
 37897 | Vaults:2 | Reached skill level 18 in Axes
 38429 | Vaults:2 | Found Vocvi's Food Shop.
 38429 | Vaults:2 | Found Huvywutt's Gadget Shop.
 38497 | Vaults:2 | Found Jupnise's Food Shop.
 39675 | Vaults:3 | Found a staircase to the Crypt.
 39767 | Vaults:3 | Found Gofeoddo's General Store.
 39774 | Vaults:3 | Gained mutation: When seriously injured, your bleeding
                  | wounds create very thick armour. (AC +12) [demonic
                  | ancestry]
 39774 | Vaults:3 | Reached XP level 19. HP: 102/153 MP: 30/30
 39920 | Vaults:3 | Bought a scroll of identify for 44 gold pieces
 39920 | Vaults:3 | Bought a scroll of teleportation for 66 gold pieces
 40086 | Vaults:3 | Noticed Frederick
 40091 | Vaults:3 | Killed Frederick
 41472 | Vaults:3 | Reached skill level 15 in Fighting
 42380 | Vaults:4 | Reached skill level 19 in Axes
 43221 | Vaults:4 | Gained mutation: Your flesh is heat resistant. (rF+)
                  | [demonic ancestry]
 43221 | Vaults:4 | Reached XP level 20. HP: 75/162 MP: 30/32
 44659 | Vaults:4 | Found a portal to a secret trove of treasure.
 44901 | Vaults:4 | Learned a level 6 spell: Simulacrum
 45175 | Crypt:1  | Entered Level 1 of the Crypt
 45222 | Crypt:1  | Reached skill level 1 in Necromancy
 45695 | Crypt:1  | Noticed Margery
 45706 | Crypt:1  | Killed Margery
 46417 | Crypt:1  | Paralysed by a vampire knight for 2 turns
 46884 | Crypt:2  | Reached skill level 5 in Necromancy
 47329 | Crypt:2  | HP: 6/164 [jiangshi[a curse skull] (15)]
 47329 | Crypt:2  | Annihilated by a golden dragon simulacrum

Vault maps used:
D:1:      sevenhm_arrival_forest_fort_large_2
D:2:      first_ration
D:3:      kennysheep_generic_room_4, uniq_terence
D:4:      nicolae_gozag_seed_capital, gammafunk_temple_overflow_statue
D:5:      kennysheep_mini_moat, lemuel_zombie_altar_yredelemnul, serial_shops,
          shop
D:6:      lemuel_round_altar, kennysheep_okawaru_gauntlet
D:7:      minmay_the_grid_plus, old_standard_altar, lemuel_doored_altar,
          minmay_temple_entry_junction, gammafunk_ghost_wrathful_warriors,
          serial_shops, nicolae_shop_waterfront, minmay_crossroads
D:8:      bloody_makhleb, uniq_harold, uniq_joseph
D:9:      chequers_temple_overflow_minitemple, nicolae_overflow_hidden_temple,
          kennysheep_orc_monster_closet_entryway, serial_shops,
          nicolae_shop_waterfront, kennysheep_little_box, shop,
          nicolae_shop_temple_entry_statues_fountains, nicolae_shop_stone
D:10:     minmay_smoke_and_mirrors, dpeg_oklobed_lair, basic_altar,
          minmay_unpleasant_kobolds, uniq_sonja
D:11:     gammafunk_sealed_arena, special_room
D:12:     grunt_livestock
D:13:     skrybe_vaults_entry_preservation
D:15:     hangedman_depths_entry_civil_slaughter, gauntlet_entry_generic,
          minmay_misc_feat_room, serial_glass, glass_columns_a, glass_columns_a,
          glass_columns_c, glass_columns_a, glass_columns_c, minmay_liquid_box
Temple:   nicolae_temple_figure_zero
Lair:1:   small_statue_intersection, minivault_23, minmay_holes
Lair:2:   serial_bayou_shore_a
Lair:3:   elwin_shoals_entry_rooms, grunt_megastairs_3
Lair:4:   spider_nest_entry_web_field, hibernation_bobbens
Lair:5:   slime_dummy
Lair:6:   hangedman_lair_tendril_chambers, basic_altar
Shoals:1: layout_shoals, yaktaur_hedge
Spider:1: layout_spider_delve, uniq_agnes
Spider:2: layout_spider_delve, drop_trap, guppyfry_spider_mini_2
Spider:3: layout_spider_delve, gammafunk_ghost_grave, uniq_asterion
Spider:4: grunt_spider_rune_island, drop_trap, uniq_arachne
Orc:1:    uniq_erica
Orc:2:    grunt_orc_tribal_feast, serial_shops, shop, nicolae_orc_damp_corner,
          nicolae_orc_tapped_out, uniq_erolcha, uniq_saint_roka
Vaults:1: v_pattern_1, nicolae_vaults_rhombus_7, vaults_room_glass_cross,
          nicolae_vaults_mini_display_case, v_alt_pattern_2,
          nicolae_vaults_network_quinsquares
          [nicolae_vaults_network_quincunx_subvault,
          nicolae_vaults_network_quincunx_subvault,
          nicolae_vaults_network_quincunx_subvault,
          nicolae_vaults_network_quincunx_subvault], ontoclasm_vaults_pinch,
          nicolae_vaults_ninety_degrees, nicolae_vaults_little_ls,
          hangedman_vaults_maws, layout_vaults_maze_snakey
Vaults:2: vaults_mumra_chevron, hangedman_vaults_hard_town_square,
          nicolae_vaults_alarming, v_misc_23, nicolae_vaults_twisting_passages,
          vaults_mumra_lcd, vaults_standard_mumra_enter_the_diamond,
          vaults_room_pools, vaults_dpeg_hooks, v_misc_19,
          vaults_room_semicircle, nicolae_vaults_three_branches,
          layout_vaults_omnicross
Vaults:3: minmay_crypt_entry_vampire_xt, sword_in_stone, v_misc_3,
          nicolae_vaults_border_crossing, dpeg_vaults_monster_row,
          vaults_room_door_hall, grunt_vaults_bifocal, hangedman_vaults_nails,
          hangedman_vaults_locks, v_alt_pattern_4, v_misc_14,
          grunt_vaults_focal, ontoclasm_vaults_shuriken,
          vaults_dpeg_encased_lava, nicolae_vaults_little_squares_4,
          layout_vaults_ring, serial_shops, nicolae_shop_waterfront
Vaults:4: v_misc_14, vaults_room_grunt_arrival_checkpoint, vaults_room_pools,
          v_alt_pattern_2, v_misc_23, vaults_room_stairs_pillars,
          v_alt_pattern_2, layout_vaults_quadrants, enter_trove_6
Crypt:1:  layout_gridlike, grunt_crypt_arrival_split, uniq_margery
Crypt:2:  cheibrodos_crypt_cold_storage, layout_chaotic_city,
          minmay_misc_feat_pillars, grunt_megastairs_2
Depths:1: grunt_deathspiral_large, layout_gridville, enter_ziggurat_d,
          roderic_three_in_a_row, hell_entry, minmay_fire_ice_demons
Abyss:3:
Gauntlet: minmay_gauntlet_mixed_big_or_small

Skill      XL: |  1  2  3  4  5  6  7  8  9 10 11 12 13 14 15 16 17 18 19 20 |
---------------+-------------------------------------------------------------+-----
Dodging        | 3 4 5 6 7 8 9 10 11 12 13 14 | 14.8
Armour         | 1 2 3 4 5 6 7 9 10 11 12 13 14 | 14.6
Axes           | 3 4 5 7 8 10 11 12 13 14 15 16 17 18 19 | 19.8
Fighting       | 3 4 5 6 8 9 10 11 12 13 14 15 | 15.7
Invocations    | 4 7 9 11 12 13 14 15 16 17 | 17.6
Necromancy     | 5 |  5.5
Throwing       | |  1.7

Action                   |  1- 3 |  4- 6 |  7- 9 | 10-12 | 13-15 | 16-18 | 19-21 || total
-------------------------+-------+-------+-------+-------+-------+-------+-------++-------
Melee: War axe           |   126 |   153 |    49 |       |       |       |       ||   328
       Kick              |     9 |    39 |    74 |   169 |   300 |   403 |   252 ||  1246
       Hand axe          |       |       |   165 |       |       |       |       ||   165
       Battleaxe         |       |       |    11 |   304 |   661 |   843 |   498 ||  2317
       Double sword      |       |       |       |   102 |    27 |       |     1 ||   130
Throw: Throwing net      |       |       |       |       |     4 |       |       ||     4
Invok: Grand Finale      |       |       |       |       |     1 |     6 |     3 ||    10
Evoke: Wand              |       |       |     2 |     2 |    10 |     2 |     1 ||    17
  Use: Scroll            |       |       |     7 |    12 |    22 |     5 |     3 ||    49
       Potion            |       |       |     3 |     1 |    10 |     2 |     1 ||    17
 Stab: Sleeping          |     1 |       |       |       |       |       |       ||     1
       Distracted        |       |       |     1 |       |     4 |     5 |     1 ||    11
       Paralysed         |       |       |     4 |    29 |   117 |   158 |   116 ||   424
       Invisible         |       |       |       |       |     2 |       |       ||     2
  Eat: Chunk             |     1 |     7 |     8 |    24 |    43 |    33 |    23 ||   139
       Ration            |       |       |       |       |     2 |     3 |     1 ||     6
Armor: Leather armour    |    37 |    51 |       |       |       |       |       ||    88
       Plate armour      |       |     6 |    37 |       |       |       |       ||    43
       Chain mail        |       |       |   104 |   181 |   270 |   408 |   152 ||  1115
Dodge: Dodged            |   121 |   128 |   110 |   260 |   507 |   607 |   241 ||  1974
Block: Buckler           |       |       |       |     1 |       |       |       ||     1
       Rpst.: Double sword |       |       |       |    20 |     1 |       |       ||    21

Table legend:
 A = Non-vault XP
 B = Vault XP
 C = Vault XP percentage of total XP
 D = Non-vault monster count
 E = Vault monster count
 F = Vault count percentage of total count
                 A         B        C        D         E       F
            +---------+---------+-------+---------+---------+-------
      Total |  369635 |  199204 |  35.0 |    1179 |     381 |  24.4
            +---------+---------+-------+---------+---------+-------
        D:1 |      46 |       0 |   0.0 |      28 |       0 |   0.0
        D:2 |      43 |       0 |   0.0 |      15 |       0 |   0.0
        D:3 |     266 |      35 |  11.6 |      36 |       3 |   7.7
        D:4 |     259 |       0 |   0.0 |      18 |       0 |   0.0
        D:5 |     578 |       3 |   0.5 |      23 |       2 |   8.0
        D:6 |    1347 |       0 |   0.0 |      36 |       0 |   0.0
        D:7 |     668 |    4179 |  86.2 |      19 |      25 |  56.8
        D:8 |    2448 |    1256 |  33.9 |      29 |       2 |   6.5
        D:9 |    1777 |    2192 |  55.2 |      31 |      17 |  35.4
       D:10 |    3513 |    5298 |  60.1 |      49 |      15 |  23.4
       D:11 |    4944 |    5149 |  51.0 |      63 |      31 |  33.0
       D:12 |    3583 |     955 |  21.0 |      21 |       5 |  19.2
       D:13 |    7524 |    4140 |  35.5 |      28 |       9 |  24.3
       D:14 |   10548 |     724 |   6.4 |      36 |       1 |   2.7
       D:15 |    7359 |    4243 |  36.6 |      18 |       5 |  21.7
     Lair:1 |    1671 |       0 |   0.0 |       7 |       0 |   0.0
     Lair:2 |    6678 |       0 |   0.0 |      28 |       0 |   0.0
     Lair:3 |    4303 |       0 |   0.0 |      13 |       0 |   0.0
     Lair:4 |    2915 |       0 |   0.0 |      19 |       0 |   0.0
     Lair:5 |    6432 |       0 |   0.0 |      19 |       0 |   0.0
     Lair:6 |   14542 |    9490 |  39.5 |      41 |      35 |  46.1
   Spider:1 |    9212 |    1828 |  16.6 |      16 |       1 |   5.9
   Spider:2 |   12885 |    2029 |  13.6 |      39 |       8 |  17.0
   Spider:3 |   16910 |    5867 |  25.8 |      48 |       3 |   5.9
   Spider:4 |   13029 |   28715 |  68.8 |      33 |      45 |  57.7
      Orc:1 |    6023 |     555 |   8.4 |      50 |       4 |   7.4
      Orc:2 |    4379 |   15270 |  77.7 |      40 |      38 |  48.7
   Vaults:1 |   18320 |   19643 |  51.7 |      44 |      25 |  36.2
   Vaults:2 |   29336 |   14072 |  32.4 |      56 |      21 |  27.3
   Vaults:3 |   38924 |   33982 |  46.6 |      68 |      40 |  37.0
   Vaults:4 |   53769 |    9322 |  14.8 |      86 |      10 |  10.4
    Crypt:1 |   41549 |    8825 |  17.5 |      61 |       6 |   9.0
    Crypt:2 |   11461 |    4512 |  28.2 |      17 |       8 |  32.0
   Depths:1 |   20179 |   12166 |  37.6 |      29 |      14 |  32.6
    Abyss:3 |   12215 |       0 |   0.0 |      15 |       0 |   0.0
   Gauntlet |       0 |    4754 | 100.0 |       0 |       8 | 100.0
            +---------+---------+-------+---------+---------+-------
